 Dungeon Crawl Stone Soup version 0.32-a0-960-g3814254bd7 (webtiles) character file.

Game seed: 7294051707433985047

37 elagabalus the Gusty (level 3, 19/19 HPs)
             Began as a Tengu Air Elementalist on Apr 17, 2024.
             Quit the game on level 1 of the Dungeon.
             The game lasted 00:06:17 (627 turns).

elagabalus the Gusty (Tengu Air Elementalist)        Turns: 627, Time: 00:06:17

Health: 19/19      AC:  2    Str: 10    XL:     3   Next: 39%
Magic:  3/7        EV: 11    Int: 15    God:
Gold:   37         SH:  0    Dex: 14    Spells: 2/6 levels left

rFire   . . .        i - +0 dagger
rCold   . . .        (no shield)
rNeg    . . .        a - +0 robe
rPois   .            (helmet restricted)
rElec   .            (no cloak)
rCorr   .            (no gloves)
SInv    .            (boots unavailable)
Will    .....        (no amulet)
Stlth   ++           (no ring)
HPRegen 0.23/turn    (no ring)
MPRegen 0.10/turn

%: acrobat
@: no status effects
A: beak, talons 3, acrobatic
a: no special abilities


You were on level 1 of the Dungeon.
You visited 1 branch of the dungeon, and saw 1 of its levels.

You collected 37 gold pieces.

Inventory:

Hand Weapons
 i - a +0 dagger (weapon)
Armour
 a - a +0 robe (worn)
Scrolls
 c - a scroll of revelation {unknown}
 d - a scroll of poison {unknown}
 e - a scroll of fog {unknown}
 f - a scroll of silence {unknown}
Potions
 b - a potion of magic
 g - a potion of brilliance {unknown}
 h - a potion of degeneration {unknown}


   Skills:
 - Level 2.1 Dodging
 - Level 2.0 Stealth
 * Level 2.2 Spellcasting
 - Level 1.3 Conjurations
 - Level 5.5 Air Magic


You had 2 spell levels left.
You knew the following spells:

 Your Spells              Type           Power      Damage    Failure   Level
a - Shock                 Conj/Air       48%        1d6       5%          1
b - Swiftness             Air            18%        N/A       7%          3

Your spell library contained the following spells:

 Spells                   Type           Power      Damage    Failure   Level
 Static Discharge         Conj/Air       24%        3-4/arc   8%          2
 Airstrike                Air            9%         2d(2-18)  22%         4


Dungeon Overview and Level Annotations

Branches:
Dungeon (1/15)

Altars:

Shops:
D:1 (


Innate Abilities, Weirdness & Mutations

You have a beak for a mouth.
You have claws for feet.
You can magically evade attacks while moving or waiting.


Message History

You kill the bat!
A bat comes into view.
Aiming: Shock (safe; 5% risk of failure)
Press: ? - help, Q - select action Shift-Dir - straight line, f - bat
Aim: a bat (asleep, 100% to hit)
The zap hits the bat.
You kill the bat!
Found a sedimented pink potion.
A hobgoblin comes into view.
A goblin comes into view. It is wielding a +0 dagger.
The goblin shouts!
Aiming: Shock (safe; 5% risk of failure)
Press: ? - help, Q - select action Shift-Dir - straight line, f - goblin
Aim: a goblin, wielding a +0 dagger (60% to hit)
The zap hits the hobgoblin.
The hobgoblin is almost dead.
The hobgoblin shouts!
The zap misses the goblin.
Aiming: Shock (safe; 5% risk of failure)
Press: ? - help, Q - select action Shift-Dir - straight line, f/p - goblin
Aim: a goblin, wielding a +0 dagger (60% to hit)
The zap misses the hobgoblin.
The zap hits the goblin.
You kill the goblin!
Aiming: Shock (safe; 5% risk of failure)
Press: ? - help, Q - select action Shift-Dir - straight line, f - hobgoblin
Aim: a hobgoblin (almost dead, 68% to hit)
The zap misses the hobgoblin.
You hit the hobgoblin.
You kill the hobgoblin!
You see here a hobgoblin corpse.
Found 13 gold pieces.
h - a sedimented pink potion You see here a +0 dagger.
i - a +0 dagger (weapon)
There are no items here.
Okay, then.
Saving game... please wait.
Welcome back, elagabalus the Tengu Air Elementalist.
Press ? for a list of commands and other information.
Are you sure you want to abandon this character and quit the game? (Confirm with "yes".)

############### ##
..............# ....
..............# ....
..............###....
.............†.......
.................#### ..
.................####...
###.....................
.##...#.........@.......
.##...#..............$..
.##...#...#+##..........
......#...# #.......###
.≈≈≈≈.....# ..........
≈≈≈≈≈≈....# ..##########
≈≈><≈≈........
≈.≈≈≈≈.##..... .≈≈≈≈..#
.....


There were no monsters in sight!

Vanquished Creatures
  A dart slug (D:1)
  3 ball pythons (D:1)
  4 endoplasms (D:1)
  A giant cockroach (D:1)
  3 hobgoblins (D:1)
  4 jackals (D:1)
  2 quokkas (D:1)
  4 bats (D:1)
  A goblin (D:1)
  4 kobolds (D:1)
  3 rats (D:1)
30 creatures vanquished.

Notes
Turn   | Place    | Note
-------+----------+-------------------------------------------
     0 | D:1      | elagabalus the Tengu Air Elementalist began the quest for
                  | the Orb.
     0 | D:1      | Reached XP level 1. HP: 10/10 MP: 4/4
    85 | D:1      | Found Gelesiud's Weapon Emporium.
   122 | D:1      | Reached XP level 2. HP: 12/15 MP: 0/6
   224 | D:1      | Reached skill level 5 in Air Magic
   340 | D:1      | Reached XP level 3. HP: 19/19 MP: 0/7
   364 | D:1      | Learned a level 3 spell: Swiftness
   627 | D:1      | Quit the game

Illustrated notes

Levels and vault maps discovered:
D:1:      dpeg_arrival_pits, layout_basic, serial_shops,
          nicolae_shop_bloodbath_and_beyond

Skill      XL: |  1  2 |
---------------+-------+-----
Air Magic      | 5 |  5.5
Dodging        | |  2.1
Stealth        | |  2.0
Spellcasting   | |  2.2
Conjurations   | |  1.3

Action                     || total
---------------------------++-------
  Melee: Unarmed           ||    11
         Kick              ||     4
   Cast: Shock             ||    48
 Armour: Robe              ||    25
  Dodge: Dodged            ||    90

Table legend: (Time is in decaauts)
 A = Elapsed time spent in this place.
 B = Non-inter-level travel time spent in this place.
 C = Inter-level travel time spent in this place.
 D = Time resting spent in this place.
 E = Time spent auto-exploring this place.
 F = Levels seen in this place.
 G = Mean time per level.
                   A        B        C        D        E       F      G
               +--------+--------+--------+--------+--------+-----+--------+
         Total |    626 |    626 |      0 |      0 |      0 |   1 |  626.0 |
       Dungeon |    626 |    626 |      0 |      0 |      0 |   1 |  626.0 |
               +--------+--------+--------+--------+--------+-----+--------+

Top non-repeatable levels by time:
     D:1: 626 daAuts
